 Dungeon Crawl Stone Soup version 0.23-a0-516-g0f8c2457b6 (webtiles) character file.

53 LLavrengius the Digger (level 3, 0/29 HPs)
             Began as a Draconian Earth Elementalist on Dec 5, 2018.
             Slain by a goblin
             ... wielding a +2 dagger of protection
             ... led by Robin
              (2 damage)
             ... on level 2 of the Dungeon.
             The game lasted 00:07:36 (1832 turns).

LLavrengius the Digger (DrEE)                       Turns: 1832, Time: 00:07:36

Health: 0/29       AC:  5    Str: 10    XL:     3   Next: 64%
Magic:  0/6        EV: 12    Int: 16    God:
Gold:   88         SH:  0    Dex: 11    Spells: 5/6 levels left

rFire    . . .     SeeInvis .   d - +0 club
rCold    . . .     Gourm    .   (no shield)
rNeg     . . .     Faith    .   (armour unavailable)
rPois    .         Spirit   .   (helmet restricted)
rElec    .         Reflect  .   (no cloak)
rCorr    .         Harm     .   (no gloves)
MR       .....                  (no boots)
Stlth    ++........             (no amulet)
HPRegen  0.09/turn              (no ring)
MPRegen  0.10/turn              (no ring)

@: no status effects
A: unfitting armour, cold-blooded, AC +5
a: no special abilities


You were on level 2 of the Dungeon.
You were near starving.

You visited 1 branch of the dungeon, and saw 2 of its levels.

You collected 88 gold pieces.

Inventory:

Hand Weapons
 d - a +0 club (weapon)
Missiles
 b - 19 stones (quivered)
Jewellery
 f - an uncursed ring of flight {unknown}
Scrolls
 a - a scroll of blinking {unknown}
 e - 2 scrolls of remove curse {unknown}
 g - a scroll of fear {unknown}
 h - 2 scrolls of teleportation {unknown}
 k - a scroll of enchant armour {unknown}
 l - 3 scrolls of immolation {unknown}
 m - a scroll of enchant weapon {unknown}
Potions
 i - 2 potions of brilliance {unknown}
 j - 3 potions of haste {unknown}
Comestibles
 c - 4 rations


   Skills:
 + Level 1.8 Fighting
 - Level 2.0 Dodging
 - Level 1.7 Stealth
 - Level 2.0 Spellcasting
   Level 1.0 Transmutations
 * Level 4.1 Earth Magic


You had 5 spell levels left.
You knew the following spells:

 Your Spells              Type           Power        Failure   Level  Hunger
a - Sandblast             Erth           ##....       3%          1    #......

Your spell library contained the following spells:

 Spells                   Type           Power        Failure   Level  Hunger
 Passwall                 Tmut/Erth      #.......     11%         2    ###....
 Stone Arrow              Conj/Erth      #.....       26%         3    ###....
 Petrify                  Tmut/Erth      #.......     56%         4    #####..
 Lee's Rapid Deconstruct  Erth           ##........   71%         5    ######.


Dungeon Overview and Level Annotations

Branches:
Dungeon (2/15)

Altars:

Annotations:
D:2 Robin, Terence


Innate Abilities, Weirdness & Mutations

Your plain brown scales are hard. (AC +5)
You cannot fit into any form of body armour.
You are cold-blooded and may be slowed by cold attacks.


Message History

b - 19 stones The hobgoblin barely misses you.
You are near starving!
You closely miss the hobgoblin. The hobgoblin hits you.
* * * LOW HITPOINT WARNING * * *
The goblin hits you but does no damage. The hobgoblin misses you.
The goblin hits you but does no damage.
You hit the hobgoblin.
The hobgoblin is severely wounded.
The hobgoblin hits you but does no damage.
The goblin hits you but does no damage.
You barely miss the hobgoblin.
The hobgoblin is severely wounded.
The hobgoblin hits you.
* * * LOW HITPOINT WARNING * * *
You barely miss the hobgoblin.
The hobgoblin is severely wounded.
The hobgoblin hits you but does no damage.
The goblin hits you with a +2 dagger of protection.
You die...

#........'.................
#.....####................#
###..## ##.......#.##...##
#.## ##.....##.##..### #)#
##...###.##..... #.# ##†##
#.###.##. #†######## #.#
#.# #.##. #......gg# #.#
#.###.##. ########@###.##
#.....##.
#g##...##########.
#.#.....#########.
#.##...###..<.....
#.###.####.#######
#..........# ############


You could see a hobgoblin and 2 goblins.

Vanquished Creatures
  An adder (D:2)
  An ooze (D:2)
  A worm (D:2)
  2 dart slugs (D:2)
  3 giant cockroaches
  5 hobgoblins
  3 jackals (D:1)
  2 bats
  A frilled lizard (D:1)
  7 goblins
  2 kobolds (D:1)
  3 rats (D:1)
31 creatures vanquished.

Notes
Turn   | Place    | Note
-------+----------+-------------------------------------------
     0 | D:1      | LLavrengius the Draconian Earth Elementalist began the
                  | quest for the Orb.
     0 | D:1      | Reached XP level 1. HP: 14/14 MP: 3/3
   282 | D:1      | Reached XP level 2. HP: 22/22 MP: 5/5
   433 | D:1      | Reached skill level 1 in Fighting
   955 | D:2      | Reached XP level 3. HP: 28/28 MP: 2/6
  1281 | D:2      | Reached skill level 4 in Earth Magic
  1341 | D:2      | Noticed Terence
  1757 | D:2      | Noticed Robin
  1832 | D:2      | Slain by a goblin

Vault maps used:
D:1:      minmay_arrival_diagonal_passages, hex_large
D:2:      minmay_chambers_of_twos, uniq_robin, uniq_terence

Skill      XL: |  1  2  3 |
---------------+----------+-----
Dodging        | 2 |  2.0
Fighting       | 1 |  1.8
Earth Magic    | 4 |  4.1
Stealth        | |  1.7
Spellcasting   | |  2.0
Transmutations | |  1.0

Action                   || total
-------------------------++-------
Melee: Club              ||    97
       Unarmed           ||     7
       Tailslap          ||     5
 Cast: Sandblast         ||    31
 Stab: Sleeping          ||     3
  Eat: Chunk             ||     2
Armor: Skin              ||    52
Dodge: Dodged            ||   108

Table legend:
 A = Non-vault XP
 B = Vault XP
 C = Vault XP percentage of total XP
 D = Non-vault monster count
 E = Vault monster count
 F = Vault count percentage of total count
                 A         B        C        D         E       F
            +---------+---------+-------+---------+---------+-------
      Total |      64 |      13 |  16.9 |      24 |       7 |  22.6
            +---------+---------+-------+---------+---------+-------
        D:1 |      25 |       0 |   0.0 |      16 |       0 |   0.0
        D:2 |      39 |      13 |  25.0 |       8 |       7 |  46.7
            +---------+---------+-------+---------+---------+-------
